Map: Galactic Process LE

Players

SortOf - Winner!

  • Race: Zerg Zerg
  • League: Master

Kelazhur

  • Race: Terran Terran
  • League: Master

VOD

https://www.youtube.com/watch?v=niWUzwqdGlA

Description

Time

  • Played on: Nov. 25, 2016, 12:23 p.m.
  • Length: 15:38
Show
View Real Time Build Order
Export as new Build Order

SortOf Zerg - Winner!

Build Orders: Hatch First 

Get SALT Encoding   

  12  0:00  Drone  
  13  0:13  Overlord  
  13  0:17  Drone  
  14  0:31  Drone x2  
  16  0:37  Drone  
  17  0:51  Hatchery  
  17  0:55  Drone  
  17  0:58  Drone  
  17  1:03  Extractor  
  17  1:13  Spawning Pool  
  17  1:16  Drone  
  17  1:20  Drone  
  18  1:30  Drone  
  19  1:39  Overlord  
  19  1:50  Drone  
  20  2:00  Queen  
  23  2:01  Zergling x2  
  23  2:03  Queen  
  23  2:04  Zergling x2  
  26  2:18  Roach Warren  
  26  2:20  Zergling x2  
  26  2:24  Drone  
  27  2:31  Drone  
  27  2:34  Overlord  
  28  2:41  Queen  
  30  2:46  Overlord  
  30  2:48  Drone  
  31  2:56  Overlord  
  31  3:02  Roach  
  31  3:04  Roach  
  35  3:10  Roach  
  37  3:14  Roach  
  37  3:27  Roach  
  37  3:28  Drone  
  40  3:36  Ravager x2  
  40  3:37  Roach x2  
  42  3:50  Overlord  
  42  3:52  Drone x3  
  45  3:56  Roach  
  45  3:59  Overlord  
  45  4:01  Drone  
  48  4:04  Drone  
  48  4:08  Ravager  
  50  4:12  Drone  
  50  4:16  Drone  
  50  4:17  Drone  
  53  4:22  Drone  
  54  4:30  Drone  
  55  4:31  Extractor  
  55  4:34  Ravager  
  55  4:38  Overlord  
  55  4:39  Drone  
  55  4:40  Drone x3  
  59  4:47  Overlord  
  59  4:49  Roach  
  61  4:56  Overlord  
  61  4:58  Roach  
  63  5:00  Drone x2  
  63  5:02  Drone  
  63  5:06  Drone x2  
  68  5:10  Extractor  
  68  5:13  Drone  
  68  5:20  Drone  
  67  5:21  Hatchery  
  67  5:24  Drone x2  
  67  5:26  Lair  
  66  5:29  Evolution Chamber  
  65  5:39  Ravager  
  66  5:43  Drone x3  
  66  5:44  Drone  
  66  5:47  Extractor  
  66  5:48  Drone x4  
  73  6:01  Overlord  
  73  6:02  Drone x2  
  75  6:05  Zerg Ground Armor Level 1  
  75  6:06  Drone  
  75  6:08  Evolution Chamber  
  75  6:09  Drone x2  
  75  6:10  Overlord  
  77  6:12  Drone x3  
  77  6:13  Drone  
  81  6:21  Drone  
  81  6:24  Drone  
  83  6:26  Glial Reconstitution  
  83  6:29  Hydralisk Den, Roach  
  84  6:34  Overlord x2  
  84  6:37  Zerg Missile Weapons Level 1  
  84  6:39  Roach x2  
  88  6:41  Drone  
  88  6:43  Drone  
  88  6:46  Roach  
  88  6:47  Roach  
  94  6:50  Overlord  
  94  6:54  Overlord  
  94  7:00  Queen  
  96  7:03  Hydralisk x2, Extractor, Grooved Spines  
  96  7:04  Extractor  
  98  7:10  Hydralisk x3  
  104  7:19  Hydralisk  
  104  7:20  Spore Crawler  
  105  7:24  Drone x4  
  105  7:25  Drone x2  
  111  7:30  Hydralisk x3  
  117  7:41  Hydralisk x3  
  123  7:46  Overlord  
  123  7:49  Overseer  
  123  7:52  Hydralisk x3  
  123  7:54  Overlord  
  129  8:05  Overlord  
  129  8:11  Zerg Ground Armor Level 2  
  129  8:14  Hatchery  
  129  8:18  Hydralisk x3  
  134  8:21  Overlord  
  134  8:22  Overlord  
  134  8:32  Overlord  
  131  8:35  Drone x8  
  139  8:41  Overlord  
  139  8:48  Muscular Augments  
  139  8:49  Hydralisk x2  
  143  8:55  Hydralisk  
  143  8:56  Hydralisk  
  143  9:01  Hydralisk x2  
  151  9:04  Overlord  
  151  9:05  Hydralisk  
  153  9:15  Hydralisk x4  
  161  9:21  Overlord  
  161  9:25  Overlord  
  161  9:26  Roach x3  
  167  9:32  Infestation Pit  
  167  9:33  Hydralisk x2  
  167  9:36  Zergling x2  
  169  9:46  Zergling x2  
  169  9:48  Hydralisk x6  
  169  9:50  Roach  
  182  10:03  Roach  
  182  10:04  Roach x9  
  173  10:19  Roach x9  
  144  10:32  Hydralisk x3  
  144  10:34  Hatchery  
  145  10:36  Ravager x2  
  147  10:43  Zerg Missile Weapons Level 2  
  147  10:44  Drone x3  
  147  10:47  Hydralisk  
  152  10:53  Hydralisk  
  154  11:03  Hydralisk x2  
  148  11:07  Hydralisk  
  148  11:10  Hydralisk  
  143  11:20  Drone x6  
  135  11:26  Hydralisk  
  135  11:30  Hydralisk  
  135  11:32  Drone x2  
  119  11:37  Hive  
  115  11:41  Queen  
  115  11:42  Extractor x2  
  115  11:44  Overlord  
  115  11:46  Roach  
  114  11:49  Roach  
  114  11:52  Hatchery  
  114  11:54  Roach x2  
  117  11:59  Roach x4  
  114  12:02  Roach  
  114  12:08  Roach x8  
  124  12:09  Spore Crawler  
  123  12:15  Queen  
  123  12:17  Hydralisk x3  
  123  12:18  Zergling x2  
  123  12:20  Overseer  
  132  12:24  Queen  
  134  12:34  Hydralisk x6  
  134  12:36  Zergling x2  
  147  12:46  Hydralisk x2  
  147  12:47  Hydralisk x3  
  147  12:51  Overlord  
  158  12:59  Hatchery  
  153  13:07  Viper x2  
  153  13:12  Evolution Chamber  
  158  13:14  Overlord  
  158  13:18  Hydralisk x6  
  170  13:21  Extractor  
  170  13:24  Overlord  
  170  13:25  Spine Crawler  
  168  13:27  Spore Crawler  
  165  13:35  Hydralisk x3  
  165  13:37  Overlord  
  171  13:42  Overlord  
  171  13:49  Viper  
  171  13:52  Evolution Chamber x3  
  171  13:53  Spine Crawler, Drone  
  169  13:56  Drone x3  
  169  14:00  Hydralisk x6  
  184  14:03  Extractor  
  181  14:14  Roach x9  
  197  14:32  Spine Crawler, Extractor  
  197  14:33  Spine Crawler  
  197  14:34  Spine Crawler  
  197  14:36  Hydralisk x3  
  183  14:58  Hydralisk x12  
  183  14:59  Hydralisk x2  
  193  15:03  Roach x2  
  193  15:06  Roach x2  
  177  15:13  Roach x3  
  179  15:15  Roach  
  179  15:16  Roach  
  179  15:17  Zergling x2  
Show
View Real Time Build Order
Export as new Build Order

Kelazhur Terran 

Build Orders: MMM Bio 

Get SALT Encoding   

  12  0:00  SCV  
  13  0:13  SCV  
  14  0:17  Supply Depot  
  14  0:25  SCV  
  15  0:38  SCV  
  15  0:41  Barracks  
  16  0:44  Refinery  
  16  0:50  SCV  
  17  0:59  Barracks  
  17  1:03  SCV  
  18  1:15  SCV  
  19  1:20  Barracks  
  19  1:28  Reaper  
  19  1:31  Refinery  
  20  1:43  Orbital Command  
  20  1:47  Reaper  
  21  1:56  Supply Depot  
  21  2:00  Reaper  
  22  2:09  Reaper  
  23  2:17  SCV  
  23  2:19  Reaper  
  25  2:23  Supply Depot  
  25  2:29  SCV  
  26  2:36  Reaper  
  27  2:41  Reaper  
  27  2:42  SCV  
  29  2:51  Reaper  
  29  2:54  SCV  
  30  3:02  Supply Depot  
  30  3:06  SCV  
  30  3:08  Reaper  
  32  3:13  Reaper  
  32  3:18  SCV  
  34  3:26  Reaper  
  35  3:29  Command Center  
  35  3:40  Reaper  
  36  3:51  Reaper  
  36  3:52  SCV  
  38  3:59  Reaper  
  39  4:14  SCV  
  39  4:17  Command Center  
  39  4:27  SCV  
  39  4:28  Barracks Tech Lab  
  40  4:39  Barracks Reactor x2, SCV  
  40  4:42  Orbital Command  
  40  4:43  Factory  
  41  4:49  Marine  
  41  4:50  Stimpack  
  41  4:51  SCV  
  43  5:05  SCV  
  44  5:09  SCV  
  44  5:11  Marine  
  46  5:17  SCV  
  45  5:22  SCV  
  45  5:24  Marine x4  
  48  5:29  SCV  
  48  5:30  Starport  
  48  5:33  Factory Reactor, Bunker  
  48  5:34  SCV  
  51  5:40  Marauder  
  51  5:41  SCV  
  54  5:43  Orbital Command  
  54  5:46  Marine x4  
  57  5:50  SCV  
  57  5:53  SCV  
  59  6:02  Marauder, SCV  
  59  6:04  Marine x4  
  62  6:06  SCV  
  62  6:10  Supply Depot  
  66  6:14  SCV  
  66  6:15  SCV  
  68  6:20  Medivac x2  
  68  6:21  Marine  
  68  6:22  Marine x3  
  76  6:31  Supply Depot  
  76  6:32  Marauder, SCV  
  79  6:35  Engineering Bay x2  
  79  6:36  Refinery  
  79  6:37  Refinery  
  79  6:44  Marine  
  79  6:45  Marine  
  79  6:46  Supply Depot, Marine  
  82  7:00  Marine, SCV  
  82  7:01  Marauder  
  85  7:02  Medivac, Factory Tech Lab, Marine  
  85  7:04  Supply Depot, SCV x2  
  90  7:12  SCV  
  90  7:15  Medivac  
  93  7:16  SCV x2  
  93  7:20  Terran Infantry Weapons Level 1, Terran Infantry Armor Level 1  
  95  7:24  Marine, Supply Depot, SCV  
  95  7:25  Marine  
  95  7:26  Marine  
  95  7:27  Marine  
  95  7:28  SCV  
  101  7:30  Marauder  
  101  7:34  Combat Shields  
  101  7:36  SCV  
  104  7:38  SCV  
  104  7:43  Supply Depot, SCV  
  106  7:47  Marine x2  
  106  7:48  Supply Depot, Marine x2  
  106  7:50  SCV  
  111  7:55  Siege Tank, Barracks  
  111  7:57  Barracks  
  114  7:59  Medivac x2  
  114  8:05  Marauder, SCV x2  
  121  8:07  Supply Depot  
  121  8:13  SCV  
  121  8:14  Marine x4  
  126  8:20  SCV x2  
  126  8:22  Armory  
  128  8:32  Siege Tank  
  128  8:33  Marine x4  
  133  8:34  Marauder  
  133  8:39  SCV  
  133  8:40  SCV  
  135  8:43  SCV  
  134  8:50  Barracks Reactor x2  
  134  8:54  Barracks, Marine  
  134  8:55  Marine x3  
  138  8:56  Barracks x2  
  138  8:57  Marauder, Concussive Shells  
  138  8:59  SCV  
  138  9:00  Refinery  
  138  9:01  Refinery  
  141  9:07  Supply Depot  
  141  9:13  SCV x2, Marine  
  144  9:18  Supply Depot  
  144  9:22  Marine  
  144  9:23  Terran Infantry Weapons Level 2, Marauder, Marine x2  
  149  9:24  Terran Infantry Armor Level 2  
  149  9:28  Terran Vehicle Weapons Level 1, Supply Depot  
  149  9:29  Marine x2  
  149  9:30  Marine  
  151  9:35  Supply Depot  
  151  9:36  Marine  
  152  9:41  Medivac x2  
  155  9:46  Siege Tank  
  158  9:53  Marine  
  158  9:54  Marauder, Marine x6  
  158  9:55  Barracks Tech Lab x3  
  163  10:04  Marine  
  155  10:15  Marauder  
  155  10:17  Marine  
  155  10:18  Marauder  
  132  10:21  Medivac x2  
  132  10:23  Siege Tank  
  132  10:25  Marauder, Marine  
  132  10:27  Marine  
  132  10:28  Marauder, Marine x2  
  116  10:29  Marine x3  
  116  10:32  Unknown  
  116  10:35  Marine  
  114  10:36  Marine  
  114  10:39  Marauder  
  118  10:42  Marine  
  118  10:45  Marine  
  118  10:46  Marauder  
  118  10:47  Marine  
  118  10:49  Marauder  
  125  10:50  Command Center, Sensor Tower  
  125  10:52  Medivac x2  
  125  10:56  Marauder  
  131  10:57  Marine x4  
  131  11:01  Marine x3  
  131  11:03  Marine  
  118  11:05  SCV  
  118  11:06  SCV  
  118  11:08  Marine  
  100  11:11  Marine  
  100  11:16  Marauder  
  100  11:18  SCV x2  
  96  11:20  Marine x6  
  91  11:27  Siege Tank  
  91  11:29  Orbital Command  
  73  11:33  Marine  
  73  11:34  Marauder, Marine x2  
  66  11:49  Marauder, Marine x7  
  66  11:55  Marine  
  59  12:03  Marine x2  
  59  12:04  Marine  
  59  12:06  Marine  
  59  12:07  SCV, Marine x2  
  59  12:08  SCV  
  64  12:10  SCV  
  64  12:11  Marine x2  
  67  12:19  SCV  
  67  12:22  Terran Infantry Weapons Level 3  
  68  12:28  Marauder x2, Marine  
  68  12:29  Marine  
  74  12:33  Marine  
  74  12:34  Marine  
  74  12:35  Marine  
  77  12:39  Siege Tank  
  77  12:42  Marine  
  81  12:44  Marauder  
  81  12:48  Marauder, Marine  
  86  12:51  Marine x2  
  86  13:03  Medivac x2  
  82  13:06  Marauder x2, Marine x4  
  90  13:13  Siege Tank  
  90  13:16  Marauder  
  95  13:22  Marauder, Marine x2  
  95  13:27  Marauder, Marine  
  99  13:28  Marine  
  106  13:44  Marauder  
  106  13:45  Marine  
  106  13:49  Marauder, Marine x4  
  106  13:55  Siege Tank  
  115  13:57  Marine  
  115  14:02  Marauder, Marine  
  118  14:06  Marine  
  120  14:10  Marauder  
  120  14:15  Marauder, Marine  
  125  14:21  Marauder, Marine  
  128  14:31  Marauder, Marine  
  128  14:32  Marauder  
  133  14:42  Marine  
  133  14:43  Marauder x2, Marine x2  
  103  15:02  Marine  
  103  15:03  Marauder  
  103  15:04  Marauder, Marine  
  86  15:07  Marine  
  86  15:08  Marauder  
  86  15:10  Marauder  
  80  15:19  Marine  
Tags
 
Add a new tag
Caveats
  • Supply blocks, unpowered buildings, or Contaminate may cause inaccurate times.
  • Supply counts are checked every 10 seconds.